Cogmind - Beta 15 @@@ ROGUE MODE // 2025.08.11 @ 20:45:44 Player: AcidicNickel Result: Destroyed by Y-45 Defender with Heavy Assault Rifle Performance ------------- Evolutions (2) 1000 Regions Visited (4) 800 Robots Destroyed (22) 110 Value Destroyed (311) 311 Prototype IDs (2) 40 Alien Tech Used (0) 0 Bonus (0) 0 TOTAL SCORE: 2261 Bonus ------- None Cogmind --------- Core Integrity 0/550 Matter 264/300 Energy 98/100 System Corruption 0% Temperature Cool (0) Movement Core (50) Location -8/Materials Parts ------- > --- POWER (1) -------- (None) > --- PROPULSION (4) --- (None) > --- UTILITY (3) ------ (None) > --- WEAPON (3) ------- (None) > --- INVENTORY (5) ---- (None) Peak State ------------ > --- POWER ------------ Light Ion Engine > --- PROPULSION ------- Aluminum Leg Aluminum Leg > --- UTILITY ---------- Small Storage Unit Weight Redist. System Seismic Detector > --- WEAPON ----------- Assault Rifle Assault Rifle > --- INVENTORY -------- Ion Engine Light Ion Engine Light Ion Engine Light Treads Wheel Wheel Small Laser Mining Laser [Rating: 9] Favorites ----------- Power Light Ion Engine Engine Light Ion Engine Propulsion Aluminum Leg Treads Light Treads Leg Aluminum Leg Utility Small Storage Unit Device Seismic Detector Storage Small Storage Unit Protection Medium Armor Plating Weapon Assault Rifle Energy Gun Small Laser Ballistic Gun Assault Rifle Special Weapon Mining Laser Build | -11 -10 -9 -9 -8 ------- Run | Yrd Mat Mat Min Mat Slots Evolved 4 | . . 2 . 2 Power . | . . . . . Propulsion 2 | . . 1 . 1 Utility 1 | . . 1 . . Weapon 1 | . . . . 1 Parts Attached 22 | 7 . 6 . 9 Power 5 | 1 . 2 . 2 Engine 5 | 1 . 2 . 2 Core . | . . . . . Reactor . | . . . . . Propulsion 4 | 2 . . . 2 Treads 1 | . . . . 1 Leg 3 | 2 . . . 1 Wheel . | . . . . . Hover . | . . . . . Flight . | . . . . . Utility 6 | 2 . 3 . 1 Device 4 | 1 . 3 . . Storage 1 | 1 . . . . Processor . | . . . . . Hackware . | . . . . . Protection 1 | . . . . 1 Artifact . | . . . . . Weapon 7 | 2 . 1 . 4 Energy Gun 1 | . . . . 1 Energy Cannon . | . . . . . Ballistic Gun 5 | 2 . 1 . 2 Ballistic Cannon . | . . . . . Launcher . | . . . . . Special Weapon 1 | . . . . 1 Impact Weapon . | . . . . . Slashing Weapon . | . . . . . Piercing Weapon . | . . . . . Special Melee Weapon . | . . . . . Unidentified Prototypes . | . . . . . Parts Lost 20 | . . 3 . 17 Power 4 | . . 1 . 3 Propulsion 4 | . . . . 4 Utility 5 | . . 1 . 4 Weapon 7 | . . 1 . 6 Highest Loss Streak 16 | . . 2 . 16 To Critical Strikes . | . . . . . Average Backups 6 | 5 7 7 8 2 Power 2 | . 2 2 2 . Propulsion 2 | 3 3 1 1 . Utility . | . . . 1 . Weapon 2 | 1 2 3 4 . Tool/Special . | . . . . . Unused Backups 3 | . 1 2 . . Power . | . . . . . Propulsion 3 | . 1 2 . . Utility . | . . . . . Weapon . | . . . . . Tool/Special . | . . . . . Average Slot Usage (%) 79 | . 99 83 88 30 Engine 10 | . 14 11 11 2 Leg 20 | . 28 20 22 4 Device 14 | . 13 18 22 5 Storage 11 | . 14 11 11 5 Ballistic Gun 21 | . 28 22 22 5 Peak Build Rating 9 | 7 7 9 8 9 Average Rating 6 | 4 6 7 8 3 On Entrance 6 | . 7 7 8 8 Naked Turns 21 | . . . . 21 Heaviest Build 14 | 13 13 14 13 14 Greatest Support 26 | 20 20 26 20 20 Greatest Overweight (x) 3 | 2 . . . 3 Average Overweight (x) . | . . . . . Largest Inventory Capacity 8 | 8 8 8 8 8 Average Capacity 7 | 7 8 8 8 6 Most Carried 8 | 8 8 8 8 7 Average Carried 6 | 6 7 7 8 1 Final Capacity 8 | 8 8 8 8 5 Final Carried 8 | 8 8 8 8 . Class Distribution -------------------- 96% | Mutant 3% | Skirmisher Dominant Class ---------------- Mutant | -10/Materials Mutant | -9/Materials Mutant | -9/Mines Mutant | -8/Materials Resources | -11 -10 -9 -9 -8 ----------- Run | Yrd Mat Mat Min Mat Matter Collected 591 | 294 70 207 20 . Remotely . | . . . . . Salvage Created 483 | 81 59 251 40 52 Parts 48 | 4 6 28 8 2 Haulers Intercepted . | . . . . . Recyclers Shooed . | . . . . . Parts Field Recycled . | . . . . . Retrieved Matter . | . . . . . Parts Self-Destructed . | . . . . . Prevented . | . . . . . Kills | -11 -10 -9 -9 -8 ------- Run | Yrd Mat Mat Min Mat Combat Hostiles Destroyed 19 | . 3 12 3 1 Guns 19 | . 3 12 3 1 Classes Destroyed 6 | 2 2 1 . 1 Worker 1 | . 1 . . . Tunneler 1 | 1 . . . . Recycler 1 | 1 . . . . Swarmer 16 | . 3 10 3 . Grunt 1 | . . . . 1 Sentry 2 | . . 2 . . Best Kill Streak 10 | 1 4 10 3 1 Combat Bots Only 10 | . 3 10 3 1 Max Kills in Single Turn 2 | 1 1 2 1 1 Gunslinging 1 | . . 1 . . Exploded . | . . . . . Melee . | . . . . . Uniques/NPCs Destroyed . | . . . . . Combat | -11 -10 -9 -9 -8 -------- Run | Yrd Mat Mat Min Mat Hostile Shots Fired 248 | . 19 61 11 157 Missed 74 | . 5 19 2 48 Hits 174 | . 14 42 9 109 Projectile 174 | . 14 42 9 109 Critical Strikes 5 | . . . . 5 Damage Taken 2242 | . 111 393 69 1669 Core 667 | . 39 63 14 551 Absorbed by Shields . | . . . . . Regen/Repaired (Parts) 9 | . 1 8 . . Core Remaining (%) 88 | 100 84 . 80 . Volleys Fired 59 | 4 12 24 5 14 Largest 3 | 2 2 2 2 3 Hottest 60 | 40 40 40 40 60 Shots Fired 120 | 8 24 47 10 31 Gun 120 | 8 24 47 10 31 Cannon . | . . . . . Launcher . | . . . . . Special . | . . . . . Kinetic 115 | 8 24 47 10 26 Thermal 5 | . . . . 5 Explosive . | . . . . . Electromagnetic . | . . . . . Robot Hit Streak 12 | 3 7 11 3 12 Robot Miss Streak 3 | 1 3 2 3 2 Penetration Max . | . . . . . Secondary Targets 6 | . . 3 2 1 Max Gunslinging Chain 1 | . . 1 1 1 Shots Hit Robots 79 | 5 15 32 4 23 Core Hits 33 | 3 4 16 4 6 Critical Kills . | . . . . . Critical Parts Destroyed . | . . . . . Critical Strikes . | . . . . . Melee Attacks . | . . . . . Impact . | . . . . . Slashing . | . . . . . Piercing . | . . . . . Sneak Attacks . | . . . . . Combat Hostiles . | . . . . . Follow-up Attacks . | . . . . . Damage Inflicted 933 | 63 197 398 45 230 Guns 920 | 63 197 395 45 220 Cannons . | . . . . . Explosions . | . . . . . Melee . | . . . . . Ramming 13 | . . 3 . 10 Kinetic 886 | 63 197 395 45 186 Thermal 34 | . . . . 34 Explosive . | . . . . . Electromagnetic . | . . . . . Impact . | . . . . . Slashing . | . . . . . Piercing . | . . . . . Highest Corruption . | . . . . . Average Corruption . | . . . . . Corruption Purged . | . . . . . Corruption Blocked . | . . . . . Overload Shots . | . . . . . Overflow Damage . | . . . . . Projectiles . | . . . . . Explosions . | . . . . . Melee . | . . . . . Knockbacks . | . . . . . Impact . | . . . . . Kinetic . | . . . . . Secondary . | . . . . . Self-Inflicted Damage 4 | . . . . 4 Shots . | . . . . . Rammed 2 | . . . . 2 Targets Rammed 3 | . . 1 . 2 Kicked 1 | . . 1 . . Crushed . | . . . . . Highest Temperature 16 | . . . . 16 Average Temperature 6 | . . . . 6 Received Heat Transfer 900 | . . 45 . 855 Siege Activations . | . . . . . Martial Activations . | . . . . . Shielding Activations . | . . . . . Robots Disrupted . | . . . . . Combat Hostiles . | . . . . . Robots Corrupted . | . . . . . Combat Hostiles . | . . . . . Parts Fried . | . . . . . Impact Corruptions . | . . . . . Robots Melted . | . . . . . Combat Hostiles . | . . . . . Parts Melted . | . . . . . Heat Transferred 75 | . . . . 75 Parts Sabotaged . | . . . . . Parts Stolen . | . . . . . Parts Stripped . | . . . . . Power Chain Reactions . | . . . . . Alert | -11 -10 -9 -9 -8 ------- Run | Yrd Mat Mat Min Mat Maximum Alert Level . | . . . . . Low Security (%) 100 | 100 100 100 100 100 Level 1 . | . . . . . Level 2 . | . . . . . Level 3 . | . . . . . Level 4 . | . . . . . Level 5 . | . . . . . High Security . | . . . . . Max Security . | . . . . . Peak Influence 180 | 5 65 180 122 35 Initial 62 | . . 7 62 24 Average 31 | . 12 58 86 6 Influence Increases 530 | 10 92 293 70 65 Destroy 0b10 Robot/C 380 | . 60 240 60 20 Destroy 0b10 Robot/NC 15 | 10 5 . . . Destroy Leader 70 | . 10 50 10 . Successful Hack 20 | . 17 3 . . Lose Combat Pursuer 45 | . . . . 45 Influence Decreases 530 | 10 73 152 168 127 Entered New Map 148 | . . 12 98 38 Time Decay 308 | 10 73 110 70 45 Lost Part 74 | . . 30 . 44 Squads Dispatched 8 | . 4 . . 4 Investigation 1 | . 1 . . . Extermination . | . . . . . Reinforcement 4 | . 3 . . 1 Assault . | . . . . . Garrison 3 | . . . . 3 Intercept . | . . . . . Searches Triggered . | . . . . . Construction Impeded . | . . . . . Haulers Reinforced . | . . . . . Active Scanning Responses . | . . . . . Cargo Convoy Interrupts . | . . . . . Stealth | -11 -10 -9 -9 -8 --------- Run | Yrd Mat Mat Min Mat Distress Signals 2 | . 2 . . . Communications Jammed . | . . . . . Distress Signals . | . . . . . Times Spotted 46 | . 7 18 3 18 Peak Tracking Total 15 | . 4 7 3 15 Tactical Retreats 2 | . . . . 2 Traps | -11 -10 -9 -9 -8 ------- Run | Yrd Mat Mat Min Mat Traps Triggered . | . . . . . Indirectly . | . . . . . Trap Hack Attempts . | . . . . . Triggered . | . . . . . Disarmed . | . . . . . Reprogrammed . | . . . . . Reused . | . . . . . Traps Extracted . | . . . . . Installed . | . . . . . Triggered . | . . . . . Machines | -11 -10 -9 -9 -8 ---------- Run | Yrd Mat Mat Min Mat Machines Disabled . | . . . . . Max in Single Turn . | . . . . . Machines Repaired . | . . . . . Machines Dismantled . | . . . . . Machines Sabotaged . | . . . . . Overloaded Fab Kills . | . . . . . Hacking | -11 -10 -9 -9 -8 --------- Run | Yrd Mat Mat Min Mat Machines Accessed 8 | . 5 3 . . Terminals 5 | . 3 2 . . Fabricators . | . . . . . Repair Stations 2 | . 1 1 . . Recycling Units 1 | . 1 . . . Scanalyzers . | . . . . . Garrison Access . | . . . . . Total Hacks 26 | . 14 12 . . Successful 12 | . 8 4 . . Failed 14 | . 6 8 . . Catastrophic 1 | . 1 . . . Database Lockouts . | . . . . . Manual . | . . . . . Terminals 18 | . 10 8 . . Fabricators . | . . . . . Repair Stations 7 | . 3 4 . . Recycling Units 1 | . 1 . . . Scanalyzers . | . . . . . Garrison Access . | . . . . . Terminal Hacks 7 | . 6 1 . . Record 2 | . 1 1 . . Prototype ID Bank 1 | . 1 . . . Branch Access Points 1 | . 1 . . . Dispatch Records 1 | . 1 . . . Hauler Manifests 1 | . 1 . . . Zone Layout 1 | . 1 . . . Fabricator Hacks . | . . . . . Repair Station Hacks 5 | . 2 3 . . Scan Component 2 | . 1 1 . . Repair 2 | . 1 1 . . Refit 1 | . . 1 . . Recycling Unit Hacks . | . . . . . Scanalyzer . | . . . . . Garrison Access Hacks . | . . . . . Unauthorized Hacks . | . . . . . Terminals . | . . . . . Fabricators . | . . . . . Repair Stations . | . . . . . Recycling Units . | . . . . . Scanalyzers . | . . . . . Garrison Access . | . . . . . Data Cores Recovered 1 | . 1 . . . Used . | . . . . . Hacking Detections 7 | . 4 3 . . Full Trace Events 2 | . 1 1 . . Feedback Events . | . . . . . Feedback Blocked . | . . . . . Robot Schematics Acquired . | . . . . . Robots Built . | . . . . . Authchips . | . . . . . Time . | . . . . . Total Robot Build Rating . | . . . . . Part Schematics Acquired . | . . . . . Parts Built . | . . . . . Authchips . | . . . . . Time . | . . . . . Total Part Build Rating . | . . . . . Parts Repaired 2 | . 1 1 . . Time 52 | . 26 26 . . Parts Recycled . | . . . . . Recycled Matter . | . . . . . Retrieved Matter . | . . . . . Retrieved Components . | . . . . . Parts Scanalyzed . | . . . . . Part Schematics Acquired . | . . . . . Parts Damaged . | . . . . . Bothacking | -11 -10 -9 -9 -8 ------------ Run | Yrd Mat Mat Min Mat Used RIF Installer . | . . . . . Robots Hacked . | . . . . . Non-combat . | . . . . . Combat . | . . . . . Robot Hacks Applied . | . . . . . Relay Couplers Released . | . . . . . Fabnet Peak Effective % . | . . . . . Robots Rewired . | . . . . . Allies Hacked . | . . . . . Hacks Repelled . | . . . . . Allies | -11 -10 -9 -9 -8 -------- Run | Yrd Mat Mat Min Mat Total Allies . | . . . . . Largest Group . | . . . . . Highest-Rated Group . | . . . . . Highest-Rated Ally . | . . . . . Total Orders . | . . . . . Ally Attacks . | . . . . . Total Damage . | . . . . . Kills . | . . . . . Allies Corrupted . | . . . . . Allies Melted . | . . . . . Intel | -11 -10 -9 -9 -8 ------- Run | Yrd Mat Mat Min Mat Active Infowar (turns) 942 | 14 398 303 157 70 Structural 448 | . . 221 157 70 Seismic 598 | 14 398 186 . . Robot Analysis Total . | . . . . . Derelict Logs Recovered 1 | . . . 1 . Drone Launches . | . . . . . Drone Recoveries . | . . . . . Exploration | -11 -10 -9 -9 -8 ------------- Run | Yrd Mat Mat Min Mat Turns Passed 1217 | 97 434 303 157 226 Spaces Moved 779 | 58 302 148 120 151 Core 86 | 20 . . . 66 Treads 25 | . . . . 25 Legs 668 | 38 302 148 120 60 Wheels . | . . . . . Hover . | . . . . . Flight . | . . . . . Fastest Speed 50 | 50 120 120 120 50 Average Speed 117 | 105 120 120 120 113 Slowest Speed 200 | 150 120 120 120 200 Overloaded Moves . | . . . . . Propulsion Burnouts . | . . . . . Robots Hopped . | . . . . . Potential Cave-ins . | . . . . . Cave-ins Triggered . | . . . . . Exploration Rate (%) 19 | 4 32 20 23 18 Regions Visited 4 Branch Regions 1 Pre-discovered Areas . | . . . . . Known Exits Taken . | . . . . . Unknown Exits Taken 4 | 1 1 1 1 . Scrap Searched . | . . . . . Spaces Dug . | . . . . . Terrain Destroyed . | . . . . . Melee . | . . . . . Projectile . | . . . . . AOE . | . . . . . Terrain Rammed . | . . . . . Walls Destroyed . | . . . . . Machines Disabled . | . . . . . Actions | -11 -10 -9 -9 -8 --------- Run | Yrd Mat Mat Min Mat Total 967 | 85 349 227 124 182 Wait 80 | 3 33 39 . 5 Move 775 | 57 301 147 119 151 Hop . | . . . . . Pick Up 20 | 14 1 4 . 1 Fast Attach 6 | 1 1 4 . . Attach 17 | 6 . 2 . 9 Detach . | . . . . . Swap 1 | . . 1 . . Drop 6 | . 1 5 . . Fire 59 | 4 12 24 5 14 Melee . | . . . . . Ram 1 | . . . . 1 Kick 1 | . . 1 . . Crush 1 | . . . . 1 Escape Stasis . | . . . . . Rewire . | . . . . . Trap . | . . . . . Miscellaneous . | . . . . . Route ------- -11/Scrapyard -10/Materials (discovered 3 exits: *Mat / Min x2) -9/Materials -9/Mines -8/Materials History --------- Turn | Location | Event 14 | -11/Scrapyard | Discovered new exit (range 15) 98 | -11/Scrapyard | Entered Materials 99 | -10/Materials | Met a group of wandering Federalists 256 | -10/Materials | Repaired Seismic Detector 306 | -10/Materials | Build established: Mutant 390 | -10/Materials | Identified exit to Mines 509 | -10/Materials | Discovered new exit (range 9) 532 | -10/Materials | Entered another Materials area 532 | -9/Materials | Evolved 2 slots: Propulsion x1, Utility x1 584 | -9/Materials | Repaired Aluminum Leg 812 | -9/Materials | Destroyed 10 combat bots 822 | -9/Materials | Discovered new exit (range 11) 835 | -9/Materials | Entered Mines 843 | -9/Mines | Learned Materials stockpile data 889 | -9/Mines | Discovered new exit (range 12) 992 | -9/Mines | Entered Materials 992 | -8/Materials | Evolved 2 slots: Propulsion x1, Weapon x1 1119 | -8/Materials | Core integrity fell below 50% 1156 | -8/Materials | Lost 16 parts (3p3n4u6w) 1189 | -8/Materials | Core integrity fell below 20% 1218 | -8/Materials | Destroyed by Y-45 Defender with Heavy Assault Rifle Last Messages --------------- K-01 Serf collects debris. Critical hit (Burn: +37). Heat Sink destroyed. Structural Scanner destroyed. Lgt. Assault Rifle destroyed. Lgt. Ion Engine destroyed. Mining Laser destroyed. Sml. Laser destroyed. Slammed into G-47 Trooper. Med. Armor Plating destroyed. Sml. Storage Unit destroyed. Acquired Carbon-fiber Leg. Lgt. Treads destroyed. K-01 Serf collects debris. U-05 Engineer destroyed. K-01 Serf collects debris. U-05 Engineer builds a Door. Carbon-fiber Leg destroyed. Slammed into K-01 Serf. Destabilizing: Core damaged (-5). Map ----- +----------------------------------------------------+ | ?????????# ??????????????????????? | | ########## ?????????????????????????? | | #????????????????????????????? | | #????????????????????????????? | | #????????????????????!???????? | | ########## #????????????????????????????? | | ?????????# #????????????????????????????? | | ?????????# #????????????????????????????? | | ###??????# #????????????????????????????? | | ????# #????????????????????????????? | | ??# #????????????????????????????? | | # #????????????????????????????? | | + #????????????????????????????? | | # #????????????????????????????? | | ??# #????????????????????????????? | | ????# #????????????????????????????? | | ??????# #????????????????????????????? | | #????????# ##################+??????????? | | ?????????# #?????????? | | ?????????# #########/######## #?????????? | | ?????????# #?????# g #???????????????? | | ?????????# #?????# ] #???????????????? | | ?????????# #?????# #???????????????? | | ?????????# #?????# "T"Y##??????????????? | | ?????????# #?????# """ #??????????????? | | ?????????# #?????# @##??????????????? | | ?????????# #?????########???????????????? | | ?????????# ?????????????????????????????? | | ?????????# ?????????????????????????????? | | ?????????# ?????????????????????????????? | | ?????????# ?????????????????????????????? | | ?????????# ?????????????????????????????? | | ?????????? ?????????????????????????????? | | ??????????????????????????????????????????? | | ??????????????????????????????????????????? | | ??????????????????????????????????????????? | | ??????????????????????????????????????????? | | ??????????????????????????????????????????? | | ??????????????????????????????????????????? | | ??????????????????????????[???????????????? | | ??????????????????????????????????????????? | | ??????????????????????????????????????????? | | ??????????????????????????????????????????? | | ??????????????????????????????????????????? | | ??????????????????????????????????????????? | | ??????????????????????????????????????????? | | ??????????????????????????????????????????? | | ??????????????????????????????????????????? | | ??????????????????????????????????????????? | | ??????????????????????????????????????????? | +----------------------------------------------------+ Best States ------------- Heat Dissipation 41 Energy Generation 10 Energy Capacity 250 Matter Stores 300 Matter Capacity 300 Sight Range 16 Terrain Scan Density 10 Additional Mass Support 6 Armor Coverage 225 Evasion (%) 55 Recoil Reduction 1 Item Schematics ----------------- None Robot Schematics ------------------ None Fabricated ------------ Nothing Repaired ---------- Seismic Detector | 95% | -10/Materials Aluminum Leg | 91% | -9/Materials Alien Tech Used ----------------- None Achievements -------------- None Challenges ------------ None Game ------ Seed VariableTractorProtomatter Manual? 0 Play Time 00:17:31 Cumulative 13.6 hours Start 2025.08.11 @ 20:25:26 End 2025.08.11 @ 20:45:44 Sessions 1 Manual Loads 0 Difficulty Rogue Special Mode None Game No. 20 Rogue 18 Adventurer 2 Explorer 0 Win Type - Total 0 Types 0/0/0/0/0/0/0/0/0/0 Lore% 13 Gallery% 20 Achievement% 19 Wizard Run 0 Options --------- Layout 1 ASCII 0 Keyboard 0 Movement Mouse Keybinds 0 Fullscreen 1 Font 32/SmallcapsGlow Map View 50x35 Zoom Use 0% Tactical HUD 0 Map Filters NONE Filters NONE Steam 1 RUN: 64669ece-2ca9-4cf6-8ca5-635b368f74db